 Dungeon Crawl Stone Soup version 0.18.1-5-g4a78601 (webtiles) character file.

172 LORDOFBUTT the Insei (level 5, -7/41 HPs)
             Began as a Demonspawn Monk on May 10, 2016.
             Killed by nerve-wracking pain
             ... invoked by Grinder
              (9 damage)
             ... while paralysed by Grinder
             ... on level 3 of the Dungeon.
             The game lasted 00:01:48 (1740 turns).

LORDOFBUTT the Insei (Demonspawn Monk)              Turns: 1740, Time: 00:01:48

Health: -7/41      AC:  5    Str: 11    XL:     5   Next: 27%
Magic:  5/5        EV:  2    Int: 12    God:
Gold:   153        SH:  0    Dex: 16    Spells: 0 memorised, 4 levels left

rFire  . . .     SeeInvis .       - Unarmed
rCold  . . .     Gourm    .     n - +0 leather armour
rNeg   . . .     Faith    .     (no shield)
rPois  .         Spirit   .     (no helmet)
rElec  .         Dismiss  .     (no cloak)
rCorr  .         Reflect  .     m - +0 pair of gloves
SustAt .         Harm     .     (no boots)
MR     .....                    (no amulet)
Stlth  ++........               (no ring)
                                (no ring)

@: paralysed, not resistant to hostile enchantments, unstealthy
A: talons 1, molten scales 1, spiny 2
a: no special abilities


You were on level 3 of the Dungeon.
You were not hungry.

You visited 1 branch of the dungeon, and saw 3 of its levels.

You collected 153 gold pieces.

Inventory:

Armour
 m - a +0 pair of gloves (worn)
 n - a +0 leather armour (worn)
Jewellery
 d - an uncursed ring of protection from cold {unknown}
 p - an uncursed amulet of regeneration {unknown}
Scrolls
 a - a scroll of enchant weapon {unknown}
 c - a scroll of fear {unknown}
 e - a scroll of teleportation
 g - a scroll of blinking {unknown}
 i - a scroll of noise {unknown}
 j - a scroll of recharging {unknown}
 l - a scroll of random uselessness {unknown}
 o - 2 scrolls of identify {unknown}
Potions
 f - a potion of haste {unknown}
 k - a potion of curing {unknown}
Comestibles
 b - a bread ration
 h - a meat ration


   Skills:
 - Level 3.0 Fighting
 + Level 3.5 Dodging
 * Level 3.3 Stealth
 * Level 4.8 Unarmed Combat


You had 4 spell levels left.
You didn't know any spells.

Dungeon Overview and Level Annotations

Branches:
Dungeon (3/15)

Altars:

Annotations:
D:3 Grinder


Innate Abilities, Weirdness & Mutations

You have sharp toenails.
You are partially covered in molten scales (AC +1).
You are mostly covered in sharp spines.


Message History

You kill the jackal!
Grinder barely misses you. The jackal is struck by your spines.
You kill the jackal!
The adder is struck by your spines.
You kill the adder!
You punch Grinder!
Grinder is moderately wounded.
Grinder gestures at you.
You suddenly lose the ability to move!
Grinder says, "Wait up."
Grinder gestures at you. Pain shoots through your body!
Grinder is struck by your spines. Grinder hits you!
You writhe in agony.
Grinder hits you!
* * * LOW HITPOINT WARNING * * *
You writhe in agony.
* * * LOW HITPOINT WARNING * * *
Grinder gestures at you. Pain shoots through your body!
You die...

##+##
##...##
##.<...##
##.......##
#...@.....#
+..††5....+
#.........#
##.......##
##.....##
##...##
##+##


You could see Grinder.

Vanquished Creatures
  Natasha (thrice) (D:2)
  6 adders
  2 worms (D:2)
  A dart slug (D:1)
  A giant gecko (D:2)
  3 bats
  2 giant cockroaches (D:2)
  2 goblins (D:2)
  5 hobgoblins
  5 jackals
  A kobold (D:1)
  A quokka (D:2)
  A giant newt (D:2)
  7 rats
40 creatures vanquished.

Notes
Turn   | Place    | Note
--------------------------------------------------------------
     0 | D:1      | LORDOFBUTT the Demonspawn Monk began the quest for the Orb.
     0 | D:1      | Reached XP level 1. HP: 18/18 MP: 1/1
   380 | D:1      | Gained mutation: You are partially covered in sharp spines. [demonic ancestry]
   380 | D:1      | Reached XP level 2. HP: 21/24 MP: 2/2
   952 | D:2      | Reached skill level 4 in Unarmed Combat
   952 | D:2      | Gained mutation: You are mostly covered in sharp spines. [demonic ancestry]
   952 | D:2      | Reached XP level 3. HP: 22/29 MP: 3/3
  1341 | D:2      | Noticed Natasha
  1348 | D:2      | Killed Natasha
  1348 | D:2      | Gained mutation: You have sharp toenails. [demonic ancestry]
  1348 | D:2      | Reached XP level 4. HP: 17/35 MP: 4/4
  1449 | D:2      | Noticed Natasha
  1463 | D:2      | Killed Natasha
  1539 | D:2      | Noticed Natasha
  1545 | D:2      | Killed Natasha
  1545 | D:2      | Gained mutation: You are partially covered in molten scales (AC +1). [demonic ancestry]
  1545 | D:2      | Reached XP level 5. HP: 15/41 MP: 5/5
  1730 | D:3      | Noticed Grinder
  1736 | D:3      | Paralysed by Grinder for 7 turns
  1739 | D:3      | HP: 2/41 [Grinder (5)]
  1740 | D:3      | Killed from afar by Grinder

Skill      XL: |  1  2  3  4 |
---------------+-------------+-----
Dodging        | 3 |  3.5
Stealth        | 2 3 |  3.3
Unarmed Combat | 4 |  4.8
Fighting       | |  3.0

Action                   |  1- 3 |  4- 6 || total
-------------------------+-------+-------++-------
Melee: Unarmed           |    58 |    21 ||    79
       Kick              |       |     5 ||     5
  Use: Scroll            |     1 |       ||     1
 Stab: Sleeping          |     2 |     2 ||     4
  Eat: Fruit             |       |     4 ||     4
       Chunk             |       |     1 ||     1
Armor: Robe              |     9 |       ||     9
       Leather armour    |       |     2 ||     2
Dodge: Dodged            |    32 |    14 ||    46
